 Dungeon Sprint DCSS version 0.21.0-24-g2553a33 (webtiles) character file.

7537 letownia2 the Brawler (level 10, -14/104 HPs)
             Began as a Troll Wizard on Jan 20, 2018.
             Was an Initiate of Gozag.
             Killed from afar by Sigmund (35 damage)
             ... with an orb of energy
             ... in the Dungeon (Sprint III: "The Ten Rune Challenge").
             The game lasted 00:07:54 (1223 turns).

letownia2 the Brawler (Troll Wizard)                Turns: 1223, Time: 00:07:55

Health: -14/104    AC:  8    Str: 17    XL:     10   Next: 96%
Magic:  4/16       EV: 10    Int: 17    God:    Gozag
Gold:   5444       SH:  0    Dex:  8    Spells: 7/18 levels left

rFire    . . .     SeeInvis .     - Unarmed
rCold    . . .     Gourm    +   (no shield)
rNeg     . . .     Faith    .   a - +0 robe
rPois    +         Spirit   .   b - +0 hat
rElec    .         Reflect  .   v - +2 cloak {rPois}
rCorr    .         Harm     .   (gloves unavailable)
MR       .....     NoTele   +   (boots unavailable)
Stlth    +.........             (no amulet)
HPRegen  0.67/turn              (no ring)
MPRegen  0.15/turn              (no ring)

@: confused, very slightly contaminated
A: large, unfitting armour, claws 3, fast metabolism 3, gourmand, regeneration
1, shaggy fur 1, tough skin 2
a: Potion Petition, Call Merchant, Bribe Branch, Renounce Religion


You were in the Dungeon.
You worshipped Gozag.
Gozag was greatly pleased with you.
You were very full.

You visited 1 branch You collected 8091 gold pieces.
You spent 309 gold pieces at shops.
You paid 2338 gold pieces to Gozag.

Inventory:

Hand Weapons
 l - a +3 quarterstaff of chaos
Armour
 a - a +0 robe (worn)
 b - a +0 hat (worn)
 m - a +0 cloak
 v - a +2 cloak of poison resistance (worn)
Wands
 t - a wand of iceblast (9)
Scrolls
 j - a scroll of blinking
 n - a scroll of torment {unknown}
 o - 2 scrolls of identify
 q - 2 scrolls of immolation {unknown}
Potions
 f - 2 potions of heal wounds
 g - a potion of haste
 h - 2 potions of magic
 i - a potion of berserk rage
 k - 5 potions of mutation
 p - 5 potions of flight
 u - 2 potions of brilliance
Books
 c - a book of Minor Magic

   Spells                             Type                      Level
   a - Magic Dart                     Conjuration                  1
   b - Blink                          Translocation                2
   c - Call Imp                       Summoning                    2
   d - Slow                           Hexes                        2
   e - Conjure Flame                  Conjuration/Fire             3
   f - Mephitic Cloud                 Conjuration/Poison/Air       3
 s - a book of Cantrips

   Spells                             Type                      Level
   a - Confusing Touch                Hexes                        1
   b - Animate Skeleton               Necromancy                   1
   c - Summon Small Mammal            Summoning                    1
   d - Apportation                    Translocation                1
Miscellaneous
 r - a phial of floods
Comestibles
 d - 18 rations


   Skills:
 + Level 8.0 Fighting
 - Level 3.3 Dodging
 - Level 1.0 Stealth
 + Level 18.8 Unarmed Combat
 + Level 4.7 Spellcasting
 - Level 4.4 Conjurations
 - Level 2.8 Hexes
   Level 0.6 Summonings
 - Level 2.6 Translocations
 - Level 2.8 Fire Magic
 - Level 5.2 Air Magic
 - Level 2.8 Poison Magic


You had 7 spell levels left.
You knew the following spells:

 Your Spells              Type           Power        Failure   Level  Hunger
a - Magic Dart            Conj           ###.         2%          1    None
b - Blink                 Tloc           N/A          8%          2    #......
c - Conjure Flame         Conj/Fire      ###.....     10%         3    ###....
d - Confusing Touch       Hex            ##....       4%          1    None
e - Mephitic Cloud        Conj/Pois/Air  ###.....     8%          3    ###....
f - Apportation           Tloc           ##....       4%          1    None


Dungeon Overview and Level Annotations

Branches:
Dungeon (1/1)

Altars:
Cheibriados
Dithmenos
Elyvilon
Fedhas
Gozag
Hepliaklqana
Kikubaaqudgha
Makhleb
Nemelex Xobeh
Okawaru
Qazlal
Ru
Sif Muna
Trog
Uskayaw
Vehumet
Wu Jian
Xom
Yredelemnul
Zin
The Shining One
Beogh
Jiyva
Lugonu

Shops:
D (*:[

Annotations:
D Edmund, Sigmund


Innate Abilities, Weirdness & Mutations

You are too large for most types of armour.
You have claws for hands.
Your metabolism is lightning-fast.
You like to eat raw meat.
Your natural rate of healing is unusually fast.
You are covered in fur. (AC +1)
You have very tough skin. (AC +2)


Message History

Sigmund gestures wildly while chanting.
Sigmund flickers and vanishes!
Deactivating autopickup; reactivate with Ctrl-A.
Unknown command.
Edmund hits you with a great mace of freezing!
Edmund freezes you. Something hits you! Space bends around you.
Unknown command.
Edmund completely misses something.
Unknown command.
You hear some strange, mumbled words.
A bolt of fire appears from out of thin air!
The bolt of fire hits you!
* * * LOW HITPOINT WARNING * * *
There is an open door here.
Unknown command.
You hear some strange, mumbled words.
An orb of energy appears from out of thin air!
The orb of energy hits you!
You die...
Your body crumbles into a pile of gold.

#)########################### $
#)§§§§'.#.'...'.#.#.#.'...≈≈#
#)#§§§#.#.#.))##.#.#.##...≈≈###
)[#.§§#.#.#)..#.#.#.#.#...≈≈≈≈#
#.#§§§#...#...##.#.#.##...≈≈≈≈#
▓▓▓▓▓▓▓▓▓▓▓▓▓▓#.#.#.#.#.......#
##.#.#.##.......#
+.#.#.#.#.......#
##@#.#.########## ##'#####
#...+ $ #{@.# $$#...# #####


You could see Edmund (confused).

Vanquished Creatures
  A centaur warrior (D)
  Erica (D)
  An orc high priest (D)
  A deep elf knight (D)
  An unseen horror (D)
  5 deep elf magi (D)
  A queen bee (D)
  A shadow (D)
  A spatial vortex (D)
  An orc warrior (D)
  A necrophage (D)
  2 centaurs (D)
  An earth elemental (D)
  A water elemental (D)
  26 killer bees (D)
  A jelly (D)
  6 orc priests (D)
  Crazy Yiuf (D)
  A wizard (D)
  Jessica (D)
  A necromancer (D)
  An orc wizard (D)
  3 humans (D)
  A kobold demonologist (D)
  2 oozes (D)
  9 orcs (D)
  A rat (D)
73 creatures vanquished.

Vanquished Creatures (collateral kills)
  3 killer bees (D)
3 creatures vanquished.

Vanquished Creatures (others)
  2 draconian scorchers (D)
  6 hellions (D)
  2 yaktaurs (D)
  3 killer bees (D)
13 creatures vanquished.

Grand Total: 89 creatures vanquished

Notes
Turn   | Place    | Note
-------+----------+-------------------------------------------
     0 | D        | letownia2 the Troll Wizard began the quest for the Orb.
     0 | D        | Reached XP level 1. HP: 16/16 MP: 2/2
     5 | D        | Reached skill level 1 in Fighting
     5 | D        | Reached skill level 2 in Unarmed Combat
     9 | D        | Reached skill level 3 in Unarmed Combat
     9 | D        | Reached XP level 2. HP: 26/28 MP: 4/4
    13 | D        | Noticed Jessica
    17 | D        | Killed Jessica
    17 | D        | Reached skill level 5 in Unarmed Combat
    17 | D        | Reached XP level 3. HP: 35/35 MP: 5/5
    23 | D        | Learned a level 3 spell: Mephitic Cloud
    27 | D        | Learned a level 3 spell: Conjure Flame
    28 | D        | Killed a yaktaur
    69 | D        | Reached skill level 1 in Conjurations
    80 | D        | Killed a yaktaur
   102 | D        | Killed a hellion
   104 | D        | Killed a hellion
   104 | D        | Killed a hellion
   106 | D        | Killed a hellion
   107 | D        | Killed a hellion
   108 | D        | Killed a hellion
   123 | D        | Noticed Crazy Yiuf
   150 | D        | Killed Crazy Yiuf
   150 | D        | Reached skill level 1 in Fire Magic
   150 | D        | Reached skill level 1 in Air Magic
   150 | D        | Reached skill level 1 in Poison Magic
   150 | D        | Reached XP level 4. HP: 42/42 MP: 0/7
   177 | D        | Killed a white draconian scorcher
   212 | D        | Noticed a water elemental
   215 | D        | Killed a water elemental
   215 | D        | Reached skill level 8 in Unarmed Combat
   215 | D        | Reached XP level 5. HP: 48/49 MP: 4/8
   219 | D        | Learned a level 2 spell: Blink
   249 | D        | Found a glowing silver altar of Zin.
   249 | D        | Found a glowing golden altar of the Shining One.
   249 | D        | Found a white marble altar of Elyvilon.
   251 | D        | Noticed a deep elf mage
   262 | D        | Killed a deep elf mage
   262 | D        | Reached skill level 9 in Unarmed Combat
   262 | D        | Reached XP level 6. HP: 61/61 MP: 3/10
   262 | D        | Reached XP level 7. HP: 67/67 MP: 3/11
   277 | D        | Noticed a shadow
   284 | D        | Killed a shadow
   284 | D        | Reached skill level 10 in Unarmed Combat
   293 | D        | Killed a white draconian scorcher
   320 | D        | Found a blossoming altar of Fedhas.
   320 | D        | Found a stormy altar of Qazlal.
   321 | D        | Found a snail-covered altar of Cheibriados.
   321 | D        | Found a burning altar of Makhleb.
   321 | D        | Found a hazy altar of Hepliaklqana.
   321 | D        | Found a shimmering altar of Xom.
   321 | D        | Found an opulent altar of Gozag.
   321 | D        | Found a sparkling altar of Nemelex Xobeh.
   321 | D        | Found a corrupted altar of Lugonu.
   321 | D        | Found a viscous altar of Jiyva.
   321 | D        | Noticed a spatial vortex
   325 | D        | Became a worshipper of Gozag Ym Sagoz the Greedy
   332 | D        | Killed a spatial vortex
   356 | D        | Found a basalt altar of Yredelemnul.
   356 | D        | Found a shadowy altar of Dithmenos.
   356 | D        | Found a sacrificial altar of Ru.
   362 | D        | Reached skill level 11 in Unarmed Combat
   375 | D        | Found a hide-covered altar of Uskayaw.
   375 | D        | Found a roughly hewn altar of Beogh.
   375 | D        | Found an iron altar of Okawaru.
   375 | D        | Found a bloodstained altar of Trog.
   375 | D        | Found an ornate altar of the Wu Jian Council.
   375 | D        | Noticed a human
   378 | D        | Noticed a human
   384 | D        | Killed a human
   384 | D        | Reached XP level 8. HP: 74/74 MP: 8/13
   390 | D        | Reached skill level 12 in Unarmed Combat
   401 | D        | Found a radiant altar of Vehumet.
   401 | D        | Found a deep blue altar of Sif Muna.
   401 | D        | Found an ancient bone altar of Kikubaaqudgha.
   425 | D        | Learned a level 1 spell: Confusing Touch
   427 | D        | Learned a level 1 spell: Apportation
   443 | D        | Noticed Erica
   455 | D        | Killed Erica
   455 | D        | Reached skill level 13 in Unarmed Combat
   493 | D        | Noticed an orc high priest
   518 | D        | Killed an orc high priest
   518 | D        | Reached skill level 15 in Unarmed Combat
   518 | D        | Reached XP level 9. HP: 66/82 MP: 9/14
   576 | D        | Reached skill level 5 in Fighting
   652 | D        | Found Siuwk's Weapon Shoppe.
   751 | D        | Bought 2 bubbling green potions for 50 gold pieces
   754 | D        | Bought a +2 cloak of poison resistance for 259 gold pieces
   771 | D        | Noticed a deep elf mage
   771 | D        | Noticed a deep elf knight
   771 | D        | Noticed a deep elf mage
   771 | D        | Noticed a deep elf mage
   771 | D        | Noticed a deep elf mage
   783 | D        | Killed a deep elf mage
   788 | D        | Killed a deep elf knight
   793 | D        | Killed a deep elf mage
   793 | D        | Reached skill level 16 in Unarmed Combat
   793 | D        | Reached XP level 10. HP: 64/101 MP: 1/15
   797 | D        | Killed a deep elf mage
   807 | D        | Killed a deep elf mage
   807 | D        | Reached skill level 5 in Air Magic
   994 | D        | Noticed a centaur warrior
  1008 | D        | Killed a centaur warrior
  1008 | D        | Reached skill level 17 in Unarmed Combat
  1049 | D        | Killed an unseen horror
  1055 | D        | Reached skill level 18 in Unarmed Combat
  1198 | D        | Noticed Sigmund
  1198 | D        | Noticed Edmund
  1223 | D        | Killed from afar by Sigmund

Skill      XL: |  1  2  3  4  5  6  7  8  9 10 |
---------------+-------------------------------+-----
Fighting       | 1 3 7 8 |  8.0
Unarmed Combat | 3 5 8 9 11 15 16 18 | 18.8
Conjurations   | 1 3 4 |  4.4
Fire Magic     | 1 2 |  2.8
Air Magic      | 1 2 4 5 |  5.2
Poison Magic   | 1 2 |  2.8
Dodging        | 3 |  3.3
Spellcasting   | 3 4 |  4.7
Translocations | 2 |  2.6
Hexes          | 2 |  2.8
Stealth        | |  1.0
Summonings     | |  0.6

Action                   |  1- 3 |  4- 6 |  7- 9 | 10-12 || total
-------------------------+-------+-------+-------+-------++-------
Melee: Unarmed           |    28 |    10 |    91 |   103 ||   232
       Punch             |       |       |     3 |     3 ||     6
 Cast: Mephitic Cloud    |     1 |     2 |    13 |     6 ||    22
       Conjure Flame     |       |     1 |     3 |     2 ||     6
Invok: Call Merchant     |       |       |     3 |       ||     3
  Use: Scroll            |       |       |     1 |       ||     1
       Potion            |       |       |       |     2 ||     2
 Stab: Sleeping          |     1 |       |       |       ||     1
       Confused          |       |     1 |     7 |     2 ||    10
       Distracted        |       |       |       |     1 ||     1
  Eat: Chunk             |     4 |     3 |       |       ||     7
       Ration            |       |       |       |     3 ||     3
Armor: Robe              |     1 |       |     4 |    13 ||    18
Dodge: Dodged            |     8 |       |    18 |    34 ||    60
